[Event "Late-Titled-Tuesday-Blitz-February-13-2024"]
[Site "Chess.com"]
[Date "2024.02.13"]
[Round "7"]
[White "terrortoast"]
[Black "Cosi43"]
[Result "1-0"]
[WhiteElo "2484"]
[BlackElo "2596"]
[TimeControl "180+1"]
[EndTime "15:18:19 PST"]
[Termination "terrortoast won on time"]

1. d4 d5 2. c4 Nc6 3. Nf3 Bg4 4. cxd5 Bxf3 5. gxf3 Qxd5 6. e3 e5 7. Nc3 Bb4 8. Bd2 Bxc3 9. bxc3 Nf6 10. c4 Qd6 11. d5 Nb8 12. Qb3 b6 13. Bb4 Qd7 14. h4 c5 15.
dxc6 Nxc6 16. Rd1 Qb7 17. Ba3 Rd8 18. Rxd8+ Kxd8 19. Bh3 Kc7 20. O-O Rd8 21. c5 Kb8 22. cxb6 axb6 23. Rb1 Nd5 24. Bg2 f5 25. Rd1 Na5 26.
Qb5 Qd7 27. Qb1 Qc8 28. Qb2 Nc6 29. Rc1 Qb7 30. Qb5 Nde7 31. f4 e4 32. Bb2 Rd5 33.
Qb3 Qc7 34. Be5 Rxe5 35. fxe5 Qxe5 36. Qc2 Kb7 37. Rd1 Nd5 38. Qb3 Ndb4 39. Rd7+ Kc8 40.
Rf7 Nd3 41. Qc4 Qc5 42. Qe6+ Kb8 43. Qe8+ 1-0

[Event "Late-Titled-Tuesday-Blitz-February-13-2024"]
[Site "Chess.com"]
[Date "2024.02.13"]
[Round "7"]
[White "Dinamo3"]
[Black "Heinza9"]
[Result "1-0"]
[WhiteElo "2520"]
[BlackElo "2289"]
[TimeControl "180+1"]
[EndTime "15:18:20 PST"]
[Termination "Dinamo3 won on time"]

1. c4 f5 2. Nc3 Nf6 3. g3 g6 4. Bg2 Bg7 5. d3 O-O 6. e3 d6 7. Nge2 e5 8. O-O Nc6 9. Rb1 a5 10. a3 h6 11. b4 axb4 12. axb4 g5 13. b5 Ne7 14. f4 gxf4 15. exf4 c6 16. Qb3 Kh8 17. h3 Be6 18. Kh2 Qe8 19. Ba3 e4 20. dxe4 Nxe4 21. Nxe4 fxe4 22. Bxd6 cxb5 23. Qxb5 Qxb5 24.
cxb5 Bc4 25. Bxe7 Rfe8 26. Bc5 Bxe2 27. Rfe1 Ra2 28. Kg1 Bd3 29. Rb3 Rc8 30. Be3 Rcc2 31. Bf1 Rh2 32. Bxd3 Rag2+ 33. Kf1 exd3 34. Rxd3 Rxg3 35.
Rd8+ Kh7 36. Bg1 Rf3+ 37. Bf2 Rfxf2+ 38. Kg1 Rfg2+ 39. Kf1 Rd2 40. Rxd2 Rxd2 41. Re7 b6 42. Rb7 Rd3 43. Rxb6 Rxh3 44. Kg2 Rb3 45. f5 1-0

[Event "Late-Titled-Tuesday-Blitz-February-13-2024"]
[Site "Chess.com"]
[Date "2024.02.13"]
[Round "7"]
[White "johnmez"]
[Black "cukricek"]
[Result "0-1"]
[WhiteElo "2284"]
[BlackElo "2455"]
[TimeControl "180+1"]
[EndTime "15:18:21 PST"]
[Termination "cukricek won by checkmate"]

1. d4 Nf6 2. c4 g6 3. Nc3 d5 4. Nf3 Bg7 5. Bf4 O-O 6. Rc1 c5 7. dxc5 Qa5 8. cxd5 Ne4 9. Be5 Nxc5 10. Bxg7 Kxg7 11.
Qd4+ f6 12. b4 Qa3 13. Rc2 Nca6 14. b5 Nb4 15. Rd2 Qc1+ 16. Nd1 Nc2+ 17. Rxc2 Qxc2 18. e4 Bg4 19. Be2 Nd7 20. Qe3 Bxf3 21. gxf3 Rfc8 22.
h4 Ne5 23. h5 g5 24. h6+ Kh8 25. f4 gxf4 26. Qxf4 Rg8 27. d6 Qxa2 28. dxe7 Qf7 29. Ne3 Qxe7 30. Nd5 Qd6 31. f3 Rg6 32. Kf2 Rag8 33.
Rh2 Qc5+ 34. Ne3 Qd4 35. b6 axb6 36. Bf1 b5 37. Bxb5 Qb2+ 38. Be2 Nd3+ 39. Kf1 Nxf4 40.
Nf5 Qc1+ 41. Kf2 Qg1# 0-1

[Event "Late-Titled-Tuesday-Blitz-February-13-2024"]
[Site "Chess.com"]
[Date "2024.02.13"]
[Round "7"]
[White "TheCavemanChess"]
[Black "lucliasco"]
[Result "0-1"]
[WhiteElo "2672"]
[BlackElo "2855"]
[TimeControl "180+1"]
[EndTime "15:18:23 PST"]
[Termination "lucliasco won by resignation"]

1. e4 c5 2. Nf3 Nc6 3. Bc4 e6 4. O-O d5 5. Bb5 dxe4 6. Ne5 Bd7 7. Nxc6 Bxc6 8. Bxc6+ bxc6 9. Nc3 Nf6 10. f3 exf3 11. Qxf3 Rc8 12. d3 Be7 13. Kh1 O-O 14. a4 Nd5 15. a5 Nb4 16. Ra4 Nxc2 17. Rg4 f5 18. Rg3 Bh4 19. Rh3 g6 20. Na4 Nd4 21. Qf4 Bf6 22.
Nxc5 Qxa5 23. Nd7 Qd5 24. Nxf8 Rxf8 25. Qc7 Rf7 26. Qb8+ Qd8 27. Qb4 h5 28. Be3 Kh7 29. Bxd4 Bxd4 30. Qc4 Qd6 31. Re1 Re7 32. Rc1 c5 33. Ra1 Qd5 34. Qc1 e5 35. Qg5 Qe6 36. Ra6 Qxa6 37. Qxe7+ Kh6 38. Qf8+ Kh7 39. Qe7+ Kg8 40.
Qd8+ Kf7 41. Qd7+ Kf6 42. Qd8+ Ke6 43. Qe8+ Kd5 44. Qf7+ Qe6 45. Qxa7 e4 46. Qa2+ Ke5 47. Qxe6+ Kxe6 48. dxe4 fxe4 49. g3 e3 50. Rh4 Kf5 51. Rf4+ Ke5 52. Rf1 Ke4 53. Kg2 e2 54. Re1 Ke3 55.
Rb1 Kd2 0-1

[Event "Late-Titled-Tuesday-Blitz-February-13-2024"]
[Site "Chess.com"]
[Date "2024.02.13"]
[Round "7"]
[White "emeli_chess"]
[Black "Nouali_Mohamed"]
[Result "1-0"]
[WhiteElo "2406"]
[BlackElo "2552"]
[TimeControl "180+1"]
[EndTime "15:18:23 PST"]
[Termination "emeli_chess won by checkmate"]

1. d4 Nf6 2. c4 c5 3. d5 b5 4. cxb5 a6 5. b6 d6 6. Nc3 Nbd7 7. a4 Qxb6 8. a5 Qc7 9. e4 g6 10. Nf3 Bg7 11. Be2 O-O 12. O-O Rb8 13. Nd2 Rb4 14.
Re1 Ne5 15. h3 c4 16. Ra4 Rxa4 17. Qxa4 Bd7 18. Qa2 Rc8 19. Nf3 Nxf3+ 20. Bxf3 Rb8 21. Be3 Bb5 22. Bb6 Qc8 23. e5 dxe5 24. Rxe5 Nd7 25.
Rxe7 Nxb6 26. axb6 Rxb6 27. Qa1 Bf6 28. Re2 Bd7 29. Qe1 Kg7 30. Rd2 Bf5 31. Qe3 Rb3 32. d6 Bd3 33. Rxd3 cxd3 34. Qxd3 Rxb2 35. d7 Qd8 36.
Ne4 Rb8 37. Nc5 a5 38. Bd5 Qe7 39. Qc4 Qe1+ 40. Kh2 Be5+ 41. f4 Bd6 42. Ne4 Be7 43. Qd4+ f6 44. Nc5 Rb1 45. Ne6+ Kh8 46. g3 Qc1 47. Bg2 Rb2 48. d8=Q+ Bxd8 49. Qxd8# 1-0

[Event "Late-Titled-Tuesday-Blitz-February-13-2024"]
[Site "Chess.com"]
[Date "2024.02.13"]
[Round "7"]
[White "reevecanada"]
[Black "sansanathalia"]
[Result "1-0"]
[WhiteElo "2567"]
[BlackElo "2380"]
[TimeControl "180+1"]
[EndTime "15:18:23 PST"]
[Termination "reevecanada won on time"]

1. e4 c5 2. Nf3 d6 3. Bb5+ Bd7 4.
Bxd7+ Qxd7 5. O-O Nf6 6. Re1 e6 7. c3 Be7 8. d4 cxd4 9. cxd4 d5 10. e5 Ne4 11. Nbd2 Nxd2 12. Bxd2 O-O 13. Rc1 Nc6 14. Rc3 Rfc8 15. a3 b5 16. Rd3 a5 17.
Ng5 Bxg5 18. Bxg5 Ne7 19. Rh3 h6 20. Bf6 Kf8 21. Qh5 Ng8 22. Bxg7+ Kxg7 23. Rg3+ Kf8 24. Qg4 Ke7 25. Qh4+ Kf8 26. h3 Qd8 27. Qh5 Ke7 28. Ree3 Qf8 29. Ref3 Ke8 30. Rg4 Rc1+ 31. Kh2 Ra7 32.
Rfg3 Ne7 33. Rg7 Rc8 34. R3g4 b4 35. axb4 axb4 36. b3 Rb7 37. Rh7 Nf5 38. f3 Rbc7 39. h4 Ke7 40. Rf4 Rc2 41. Rxf5 exf5 42. Qxf5 Qg8 43.
Qf6+ Kf8 44. Qxh6+ Ke8 45. Rg7 Rxg2+ 46. Rxg2 Qf8 47.
Qf6 Rc3 48. e6 fxe6 49. Qxe6+ Kd8 50. Rg8 Rc2+ 51. Kg3 1-0

[Event "Late-Titled-Tuesday-Blitz-February-13-2024"]
[Site "Chess.com"]
[Date "2024.02.13"]
[Round "7"]
[White "DraningWaterHi"]
[Black "HajiyevKanan"]
[Result "0-1"]
[WhiteElo "2216"]
[BlackElo "2478"]
[TimeControl "180+1"]
[EndTime "15:18:23 PST"]
[Termination "HajiyevKanan won on time"]

1. d4 d5 2. Bf4 c5 3. e3 cxd4 4. exd4 Nc6 5. c3 Nf6 6. Nd2 Bg4 7. Be2 Bxe2 8. Qxe2 e6 9. Ngf3 Bd6 10. Ne5 O-O 11.
O-O Qc7 12. Rfe1 Rab8 13. Qf3 b5 14. Rac1 Rfc8 15. g4 h6 16. Qg3 Ne7 17. f3 g5 18.
Be3 Ng6 19. Qh3 Kg7 20. Nxg6 Kxg6 21. Bf2 Bf4 22. Bg3 b4 23. c4 dxc4 24. Nxc4 Kg7 25. b3 Nd5 26. Kh1 Qe7 27. Rcd1 Qf6 28. Qg2 Nc3 29.
Rd3 Rd8 30. Ne5 Rbc8 31. Qf2 Rd5 32. Nc4 Rcd8 33. Re5 R8d7 34. a3 a5 35. Nb6 Bxe5 36. dxe5 Qg6 37. Nxd5 Rxd5 38. Rxd5 Nxd5 39. axb4 axb4 40.
Qd4 Qb1+ 41. Kg2 Qxb3 42. h4 Qe3 43. Qc4 Qd2+ 44. Kh3 Qc3 45. Qe4 b3 46. hxg5 hxg5 47.
Be1 Qc2 0-1

[Event "Late-Titled-Tuesday-Blitz-February-13-2024"]
[Site "Chess.com"]
[Date "2024.02.13"]
[Round "7"]
[White "EsmeraldasAnderson03"]
[Black "AradNazari"]
[Result "0-1"]
[WhiteElo "2452"]
[BlackElo "2778"]
[TimeControl "180+1"]
[EndTime "15:18:25 PST"]
[Termination "AradNazari won by checkmate"]

1. d4 Nf6 2. c4 g6 3. Nc3 d5 4. cxd5 Nxd5 5. e4 Nxc3 6. bxc3 Bg7 7. Bc4 O-O 8. Ne2 c5 9. O-O Nc6 10. Be3 Bg4 11. f3 Bd7 12. Qd2 Qa5 13. Rab1 cxd4 14. cxd4 Qxd2 15. Bxd2 b6 16. Be3 Na5 17. Ba6 Rad8 18.
Rbc1 Bc8 19. Bb5 Bd7 20. Ba6 Bc8 21. Bb5 a6 22. Bd3 b5 23. Rc7 Be5 24. Rxe7 Nc6 25. Rxe5 Nxe5 26. Bb1 Nc4 27. Bh6 Rfe8 28. Bg5 Rd7 29.
d5 Bb7 30. Bf6 Bxd5 31. Ng3 Bc6 32. h4 h5 33. Rc1 Bb7 34. Kh2 Rc8 35. e5 Nd2 36.
Rd1 Nxf3+ 37. gxf3 Rxd1 38. Be4 Bxe4 39. Nxe4 Rc2+ 40.
Kg3 Rxa2 41. Kf4 Ra4 42. Kg5 Rg1+ 43. Kh6 Rxe4 44. fxe4 Rg4 45. e6 fxe6 46. e5 b4 47. Bh8 b3 48. Bf6 b2 49. Bg5 b1=Q 50. Bc1 Qf5 51. Bg5 Qf8+ 52. Kxg6 Qf7+ 53. Kh6 Qh7# 0-1

[Event "Late-Titled-Tuesday-Blitz-February-13-2024"]
[Site "Chess.com"]
[Date "2024.02.13"]
[Round "7"]
[White "sergiochess83"]
[Black "ArtemDyachuk"]
[Result "1-0"]
[WhiteElo "2850"]
[BlackElo "2629"]
[TimeControl "180+1"]
[EndTime "15:18:26 PST"]
[Termination "sergiochess83 won on time"]

1. d4 Nf6 2. c4 e6 3. Nc3 d5 4. cxd5 exd5 5. Bg5 c6 6. e3 h6 7. Bh4 Be7 8. Bd3 Nbd7 9. Qc2 O-O 10. h3 Re8 11. Bg3 Nf8 12. Nf3 a5 13. O-O Ne6 14.
Ne5 Bd6 15. Rae1 Ng5 16. f4 Nge4 17. Nxe4 Nxe4 18. Bxe4 dxe4 19. f5 Bb4 20. f6 Bxe1 21. Bxe1 Be6 22. fxg7 Qg5 23. Rf4 Qxg7 24. Bh4 f5 25. Kh2 Kh7 26. b3 Rg8 27. Qf2 a4 28. Rxf5 axb3 29. axb3 Raf8 30. Rf6 Bd5 31. Rxf8 Rxf8 32.
Qe2 Rg8 33. Qf2 Bxb3 34. Qf5+ Kh8 35. Bf6 Rf8 36. Bxg7+ Kxg7 37. Qg6+ Kh8 38. Qxh6+ Kg8 39. Qg6+ Kh8 40. Qxe4 Bd5 41. Qh4+ Kg7 42. Qg5+ Kh7 43. Qh5+ Kg7 44. Qg6+ Kh8 45. Qh6+ Kg8 46. Qg5+ Kh7 47. e4 Be6 48. Qg6+ 1-0

[Event "Late-Titled-Tuesday-Blitz-February-13-2024"]
[Site "Chess.com"]
[Date "2024.02.13"]
[Round "7"]
[White "tptagain"]
[Black "Mikhail_Golubev"]
[Result "1-0"]
[WhiteElo "2866"]
[BlackElo "2685"]
[TimeControl "180+1"]
[EndTime "15:18:26 PST"]
[Termination "tptagain won on time"]

1. d4 Nf6 2. Nf3 d6 3. e3 g6 4. b4 Bg7 5. Bb2 O-O 6. Be2 c5 7. c3 cxb4 8. cxb4 Bf5 9. O-O Nbd7 10. Nc3 Nb6 11. Nd2 Rc8 12. Rc1 Be6 13. a4 Nc4 14. Nxc4 Bxc4 15. Bxc4 Rxc4 16. Qb3 Rc8 17. Rc2 d5 18. Rfc1 Qd7 19. h3 e6 20. Nb5 a6 21.
Nc7 Ne4 22. b5 axb5 23. Qxb5 Qxb5 24. axb5 Rfd8 25. Ba3 Nd6 26. Bxd6 Rxd6 27. f4 Bf8 28. Kf2 f5 29. g4 Rb6 30. Kf3 Kf7 31. h4 h5 32. gxf5 gxf5 33. Ke2 Bd6 34. Kf3 Bxc7 35. Rxc7+ Rxc7 36. Rxc7+ Kf6 37. Rc5 Rd6 38. Ke2 Rd8 39. Rc7 Rg8 40. Rxb7 Rg4 41. b6 Rxh4 42. Rh7 Rh2+ 43.
Kf3 Rb2 44. b7 h4 45. Rh6+ Kf7 46. Rh8 1-0

[Event "Late-Titled-Tuesday-Blitz-February-13-2024"]
[Site "Chess.com"]
[Date "2024.02.13"]
[Round "7"]
[White "Antipov_Mikhail_Al"]
[Black "Doomfist26"]
[Result "1-0"]
[WhiteElo "2969"]
[BlackElo "2654"]
[TimeControl "180+1"]
[EndTime "15:18:29 PST"]
[Termination "Antipov_Mikhail_Al won by checkmate"]

1. e4 e6 2. d4 d5 3. Nd2 Nc6 4. Ngf3 Nf6 5. e5 Nd7 6. Bd3 f6 7. Ng5 Ndxe5 8. dxe5 fxg5 9. Qh5+ g6 10. Bxg6+ Kd7 11.
c4 Nxe5 12. Bc2 c6 13. O-O Bd6 14. b4 Qe8 15. Qe2 Rf8 16. b5 c5 17. a4 g4 18. Re1 Qh5 19. Nf1 Nf3+ 20. gxf3 gxf3 21. Qxe6+ Kc7 22. Ng3 Qh4 23. Qh6 Qxh6 24. Bxh6 Rg8 25.
cxd5 Bd7 26. Ra3 Bg4 27. Rae3 b6 28. h3 Bxh3 29. Rxf3 Rad8 30. Bd3 Bg4 31. Rf7+ Rd7 32. Rxd7+ Kxd7 33. Kg2 Re8 34. Rxe8 Kxe8 35. Ne4 Be5 36.
f4 Bd4 37. Bg5 Bd1 38. Nf6+ Bxf6 39. Bxf6 Kd7 40. Be5 Bxa4 41. Bf5+ Kd8 42. Bd3 Kd7 43. f5 Bb3 44. Be4 c4 45. f6 Ba4 46. Bf5+ Ke8 47.
d6 Bxb5 48. Be6 a5 49. Bf4 a4 50. f7+ Kf8 51. Bh6# 1-0

[Event "Late-Titled-Tuesday-Blitz-February-13-2024"]
[Site "Chess.com"]
[Date "2024.02.13"]
[Round "7"]
[White "KacperKacprzak"]
[Black "Rud_Makarian"]
[Result "1-0"]
[WhiteElo "2734"]
[BlackElo "3016"]
[TimeControl "180+1"]
[EndTime "15:18:29 PST"]
[Termination "KacperKacprzak won by checkmate"]

1. Nf3 Nf6 2. d4 c5 3. d5 b5 4. Bg5 g6 5. a4 b4 6. Nbd2 Bg7 7. e4 O-O 8. Bd3 d6 9. O-O a5 10. Re1 Bb7 11. Nc4 Nbd7 12. Qd2 Ng4 13. h3 Nge5 14. Nfxe5 Nxe5 15. Nxe5 Bxe5 16. c3 Ba6 17.
Bxa6 Rxa6 18. f4 Bf6 19. Bh6 Bg7 20. Bxg7 Kxg7 21. e5 Rb6 22. c4 b3 23. Qxa5 Rb4 24.
Qxd8 Rxd8 25. Re4 e6 26. dxe6 d5 27. e7 Re8 28. cxd5 Rxe4 29. d6 Rd4 30. a5 f6 31.
a6 Kf7 32. a7 Ra8 33. e6+ Kxe6 34. Re1+ Kxd6 35. e8=Q Rxa7 36. Re6+ Kd5 37. Qc6+ Kc4 38. Re4 Ra1+ 39. Kh2 Kd3 40. Re6 c4 41. Qf3+ Kc2 42.
Re2+ Kb1 43. Qc3 Rxf4 44. Re1+ Ka2 45. Qa5+ Kxb2 46. Qd2+ Ka3 47. Rxa1# 1-0

[Event "Late-Titled-Tuesday-Blitz-February-13-2024"]
[Site "Chess.com"]
[Date "2024.02.13"]
[Round "7"]
[White "dolynachess"]
[Black "RandomNoob04"]
[Result "0-1"]
[WhiteElo "2479"]
[BlackElo "2614"]
[TimeControl "180+1"]
[EndTime "15:18:30 PST"]
[Termination "RandomNoob04 won on time"]

1. d4 Nf6 2. c4 c5 3. Nf3 cxd4 4.
Nxd4 b6 5. Nc3 Bb7 6. Bg5 e6 7. Ndb5 d6 8. Bf4 e5 9. Bg5 a6 10. Bxf6 gxf6 11. Na3 Bg7 12. e4 O-O 13. Nc2 f5 14.
exf5 e4 15. Ne3 Nc6 16. Rc1 Ne5 17. Be2 Qh4 18. Qxd6 Rad8 19. Qxb6 Nd3+ 20. Bxd3 exd3 21. O-O Rb8 22. Qc7 Rfe8 23. Qg3 Qxg3 24. hxg3 Bc6 25. b3 d2 26. Rc2 Red8 27. Rd1 Rbc8 28. Kf1 Rd3 29. Nb1 Be4 30. Rcxd2 Rcd8 31. Ke1 Bf6 32. Rxd3 Bxd3 33. Nd2 Bc3 34. g4 Kg7 35. f3 Bd4 36. Kf2 Bc2 37. Re1 Bc3 38. Ne4 Bxe1+ 39. Kxe1 Bxe4 40. fxe4 Rd4 41. e5 Re4 42. Ke2 Rxe5 43. Kd3 Re8 44. b4 Kf6 45. a3 Ke5 46. a4 Rd8+ 47.
Nd5 Rg8 48. Ne3 Rd8+ 0-1

[Event "Late-Titled-Tuesday-Blitz-February-13-2024"]
[Site "Chess.com"]
[Date "2024.02.13"]
[Round "7"]
[White "claudyna16"]
[Black "szefru"]
[Result "1-0"]
[WhiteElo "2431"]
[BlackElo "2258"]
[TimeControl "180+1"]
[EndTime "15:18:31 PST"]
[Termination "claudyna16 won on time"]

1. c4 e5 2. g3 Nc6 3. Bg2 g6 4. Nc3 Bg7 5. e3 Nge7 6. Nge2 O-O 7. O-O f5 8. d4 d6 9. d5 Nb8 10. f4 Nd7 11. Rb1 Nf6 12. fxe5 dxe5 13. c5 e4 14. d6 cxd6 15. cxd6 Nc6 16. Nf4 Ne5 17. Qb3+ Kh8 18.
Rd1 g5 19. Ne6 Bxe6 20. Qxe6 Nfd7 21. Nd5 Nc5 22. Qe7 Ned3 23. b4 Na4 24. Bd2 Nb6 25. Nc7 Rc8 26. Ne6 Qxe7 27. dxe7 Rfe8 28. Nxg5 Rxe7 29. g4 h6 30. Nh3 fxg4 31. Nf4 Nxf4 32.
exf4 e3 33. Be1 Rc2 34. Rd8+ Kh7 35. Bh4 Re6 36. Bxb7 Rxa2 37. f5 Re5 38. f6 Bh8 39. f7 Bg7 40. f8=Q Bxf8 41. Rxf8 e2 42. Re1 Nc4 43.
Bf6 Re6 44. Bd5 Rxf6 45. Rxf6 Rc2 46. Bxc4 Rxc4 47. Rxe2 Kg7 48. Ra6 Rxb4 49. Rxa7+ Kg6 50. Ra5 Rb6 51. Rea2 1-0

[Event "Late-Titled-Tuesday-Blitz-February-13-2024"]
[Site "Chess.com"]
[Date "2024.02.13"]
[Round "7"]
[White "WilsonPalencia21"]
[Black "Chempiblinka"]
[Result "1-0"]
[WhiteElo "2539"]
[BlackElo "2347"]
[TimeControl "180+1"]
[EndTime "15:18:33 PST"]
[Termination "WilsonPalencia21 won on time"]

1. e4 c5 2. Nf3 g6 3. d4 cxd4 4. Nxd4 Nc6 5. c4 Nf6 6. Nc3 Nxd4 7. Qxd4 d6 8. Be3 Bg7 9. f3 O-O 10. Qd2 a5 11. Rc1 a4 12. Be2 Qa5 13. Nd5 Qxd2+ 14. Kxd2 Nxd5 15. cxd5 Bxb2 16. Rc7 Bf6 17. g4 e6 18. Rhc1 exd5 19. exd5 Be5 20. f4 Bb2 21. R1c2 a3 22. h3 Re8 23. Bd3 Kg7 24. R2c4 b5 25.
R4c6 b4 26. Bc2 Ba6 27. Bb3 Red8 28. Rb6 Bf1 29. Rxb4 Bxh3 30. Rbb7 Rf8 31. g5 Bf5 32. Ke2 Rab8 33. Kf3 Rxb7 34. Rxb7 Rc8 35. Bb6 Rc3+ 36.
Ke2 Rh3 37. Bc7 Bg4+ 38. Kd2 Rh2+ 39. Kd3 Be2+ 40. Ke3 Ba6 41. Ra7 Bf1 42. Bxd6 Rh3+ 43. Kd2 Rxb3 44. axb3 Bb5 45. Bxa3 Bxa3 46. Rxa3 Kf8 47.
Kc3 Ke7 48. Kd4 Kd6 49. Ra7 Bd7 50. Ra6+ Kc7 51. b4 1-0

[Event "Late-Titled-Tuesday-Blitz-February-13-2024"]
[Site "Chess.com"]
[Date "2024.02.13"]
[Round "7"]
[White "AlexPapasimakopoulos"]
[Black "Abduzhaparov"]
[Result "1-0"]
[WhiteElo "2776"]
[BlackElo "2441"]
[TimeControl "180+1"]
[EndTime "15:18:34 PST"]
[Termination "AlexPapasimakopoulos won on time"]

1. d4 d6 2. c4 e5 3. Nf3 e4 4. Nfd2 f5 5. e3 Nf6 6. Nc3 Be7 7. b4 O-O 8. Qb3 c6 9. a4 Kh8 10. b5 Nbd7 11. g3 c5 12. a5 b6 13. axb6 Nxb6 14. d5 Nbd7 15. Bg2 Ne5 16. O-O a6 17. Bb2 Rb8 18. Qc2 axb5 19. Nxb5 Nxc4 20. Qxc4 Bd7 21. Bxf6 Bxf6 22. Nxd6 Bxa1 23. Rxa1 Qf6 24. Ra6 Bb5 25. Nxb5 Qxa6 26. Bf1 Rfd8 27. Nb3 Rxb5 28. Qxb5 Qxb5 29.
Bxb5 Rxd5 30. Kf1 Rd1+ 31. Ke2 Rb1 32. Bc4 g6 33. h4 Rb2+ 34. Ke1 Rb1+ 35. Ke2 Rb2+ 36.
Kf1 Rc2 37. Bd5 c4 38. Nd4 Rc1+ 39. Ke2 c3 40. Bb3 Kg7 41. Bc2 Kf6 42. g4 h6 43.
gxf5 gxf5 44. f3 Ke5 45. f4+ Kf6 46. Kf2 Kg6 47. Ba4 Kf6 48. Ke2 Rh1 49. Bd7 Rh2+ 50. Kd1 Rxh4 51. Bxf5 Rh2 52. Bxe4 Rd2+ 53. Kc1 1-0

[Event "Late-Titled-Tuesday-Blitz-February-13-2024"]
[Site "Chess.com"]
[Date "2024.02.13"]
[Round "7"]
[White "stollenmonster"]
[Black "Yurovskykh_Oleksandr"]
[Result "1-0"]
[WhiteElo "2868"]
[BlackElo "2689"]
[TimeControl "180+1"]
[EndTime "15:18:35 PST"]
[Termination "stollenmonster won by resignation"]

1. e4 e6 2. Nc3 d5 3. g3 Nf6 4.
Bg2 Be7 5. d4 O-O 6. Nge2 dxe4 7. Nxe4 Nxe4 8. Bxe4 Nd7 9. O-O Nf6 10. Bg2 Rb8 11.
c4 b6 12. Nc3 Bb7 13. Bxb7 Rxb7 14. Qf3 Qa8 15. Re1 Rbb8 16. d5 Rfe8 17. Bg5 Nxd5 18.
cxd5 Bxg5 19. Qg4 Bf6 20. dxe6 fxe6 21. Ne4 Bxb2 22. Rad1 Rbd8 23. Ng5 Rxd1 24. Qxd1 Bf6 25. Nxe6 Qc6 26. Qb3 Kh8 27. Re3 Qc1+ 28. Kg2 Qc6+ 29.
Kg1 h6 30. h4 Qc1+ 31. Kg2 Qc6+ 32. Kh2 Qd6 33. Qc4 c5 34. Ng5 Qf8 35. Rf3 hxg5 36.
hxg5 Qg8 37. Qg4 Qh7+ 38. Kg2 Bd4 39. g6 Qh6 40. Rf5 Bxf2 41. Rh5 Be3 42. Rxh6+ Bxh6 43. Qd7 Rf8 44. Qxa7 c4 45. Qxb6 c3 46. Qc5 Ra8 47.
a4 Bd2 48. a5 c2 49. Qxc2 Bxa5 50. Qe4 Rd8 51. Qh4+ Kg8 52. Qh7+ Kf8 53. Qh8+ Ke7 54. Qxg7+ Kd6 55. Qf7 Bc7 56. g7 Kc5 57. g8=Q 1-0

[Event "Late-Titled-Tuesday-Blitz-February-13-2024"]
[Site "Chess.com"]
[Date "2024.02.13"]
[Round "7"]
[White "Nf3c5"]
[Black "krzyzan94"]
[Result "0-1"]
[WhiteElo "2545"]
[BlackElo "2780"]
[TimeControl "180+1"]
[EndTime "15:18:36 PST"]
[Termination "krzyzan94 won by resignation"]

1. e4 e5 2. Nf3 Nc6 3. Nc3 Nf6 4. h3 Bb4 5. Nd5 Bc5 6. c3 d6 7. d4 exd4 8. Bg5 dxc3 9. Bd3 cxb2 10. Rb1 Be6 11. O-O Bxd5 12. exd5 Ne5 13. Re1 O-O 14.
Nxe5 dxe5 15. Bxh7+ Kxh7 16. Bxf6 Bxf2+ 17. Kxf2 Qxf6+ 18. Kg1 Rad8 19. Rxb2 b6 20. Qh5+ Kg8 21. Rxe5 Rfe8 22. Rbe2 Rxe5 23. Rxe5 Qf4 24. Qe2 Qd4+ 25.
Kh1 Rxd5 26. Re8+ Kh7 27. Qc2+ Qd3 28. Qxc7 Qf1+ 29. Kh2 Rd1 30. Qc2+ g6 31. Re4 Qg1+ 32. Kg3 Rd4 33. Re7 Qf1 34. Re4 Rxe4 35. Qxe4 Qb5 36.
Kh2 Qc5 37. Qf4 Kg7 38. a4 f6 39. h4 Qe5 40. Kg3 Qxf4+ 41. Kxf4 a6 42. g4 b5 43. axb5 axb5 44. Ke4 b4 45. Kd4 f5 46. gxf5 gxf5 47. Kc4 Kh6 48. Kxb4 Kh5 49. Kc3 Kxh4 50. Kd2 Kg3 51. Ke2 f4 52. Kf1 Kf3 53. Kg1 Ke2 54. Kg2 f3+ 55. Kg3 f2 0-1

[Event "Late-Titled-Tuesday-Blitz-February-13-2024"]
[Site "Chess.com"]
[Date "2024.02.13"]
[Round "7"]
[White "FredddieCroderg"]
[Black "ural58"]
[Result "0-1"]
[WhiteElo "2279"]
[BlackElo "2508"]
[TimeControl "180+1"]
[EndTime "15:18:36 PST"]
[Termination "ural58 won on time"]

1. e4 d5 2. e5 c5 3. c3 Bf5 4.
d4 e6 5. Bd3 Bxd3 6. Qxd3 Nc6 7. Ne2 Rc8 8. O-O cxd4 9. cxd4 Nb4 10. Qb5+ Qd7 11. Qxd7+ Kxd7 12. Nbc3 Ne7 13. Rd1 Nf5 14. Be3 Nxe3 15. fxe3 Nc2 16. Rab1 Nxe3 17. Rdc1 Bb4 18. a3 Bxc3 19. Nxc3 Nf5 20. Ne2 Rxc1+ 21. Rxc1 Rc8 22. Rxc8 Kxc8 23. Kf1 Ne3+ 24. Kf2 Nd1+ 25. Kf3 Nxb2 26. Nf4 g6 27. Nh3 h6 28. Nf2 Nc4 29. Ng4 Nxa3 30. Nxh6 Nc2 31. Nxf7 Nxd4+ 32. Ke3 Nf5+ 33. Kd3 a5 34.
Nd6+ Nxd6 35. exd6 a4 36. h4 e5 37. g4 e4+ 38.
Kc2 d4 39. h5 d3+ 40. Kd2 gxh5 41. g5 a3 42. g6 a2 43. g7 a1=Q 44. g8=Q+ Kd7 45.
Qf7+ Kxd6 46. Qf8+ Kc7 47. Qe7+ Kb8 48. Qf8+ Ka7 49.
Qc5+ Ka6 50. Qc4+ Ka5 51. Qc5+ Ka6 52. Qc4+ Kb6 53. Qe6+ Kc5 54. Qe7+ Kc4 55. Qe6+ Kb4 56. Qb6+ Ka3 57. Qa5+ Kb2 58. Qb4+ Ka2 59. Qa4+ Kb1 60.
Qd1+ Kb2 0-1

[Event "Late-Titled-Tuesday-Blitz-February-13-2024"]
[Site "Chess.com"]
[Date "2024.02.13"]
[Round "7"]
[White "bazar-wokzal"]
[Black "OK97"]
[Result "1-0"]
[WhiteElo "2661"]
[BlackElo "2832"]
[TimeControl "180+1"]
[EndTime "15:18:37 PST"]
[Termination "bazar-wokzal won by checkmate"]

1. e4 Nc6 2. d4 d5 3. e5 Bf5 4. c3 e6 5. Be3 f6 6. f4 Qd7 7. Nd2 h5 8. Ngf3 Nge7 9. Bb5 a6 10. Ba4 b5 11. Bb3 Na5 12. O-O Nc4 13. Nxc4 dxc4 14. Bc2 Bxc2 15. Qxc2 Nd5 16. Rae1 f5 17. b3 Qc6 18.
bxc4 Qxc4 19. Ng5 Kd7 20. Bd2 Be7 21. Nh3 a5 22. Rf3 h4 23. Nf2 Rhb8 24. Nd1 Nb4 25. Qb1 Qxa2 26. Qxa2 Nxa2 27. d5 exd5 28. Ne3 b4 29.
Nxd5 Bc5+ 30. Kf1 Kc6 31. c4 b3 32. Rb1 a4 33. e6 Nb4 34. Nxb4+ Bxb4 35. Ke2 Bxd2 36.
Kxd2 Re8 37. Re3 Rad8+ 38. Kc3 Rd6 39. Rbe1 Rdd8 40. Kb4 Ra8 41. Ka3 Kc5 42. Re5+ Kxc4 43. Rc1+ Kd4 44. Rxc7 g6 45. Rd7+ Kc4 46. e7 Rab8 47.
Rc7+ Kd4 48. Rd7+ Kc3 49. Rc5# 1-0

[Event "Late-Titled-Tuesday-Blitz-February-13-2024"]
[Site "Chess.com"]
[Date "2024.02.13"]
[Round "7"]
[White "BogdanDeac"]
[Black "Msb2"]
[Result "1-0"]
[WhiteElo "3027"]
[BlackElo "3013"]
[TimeControl "180+1"]
[EndTime "15:18:40 PST"]
[Termination "BogdanDeac won by checkmate"]

1. d4 d5 2. c4 e6 3. Nf3 Nf6 4.
Nc3 Bb4 5. e3 O-O 6. Bd3 dxc4 7.
Bxc4 c5 8. O-O a6 9. Bd3 b5 10. dxc5 Bxc5 11. e4 h6 12. e5 Nfd7 13. Be4 Ra7 14. Qe2 Bb7 15. Bxb7 Rxb7 16. Rd1 Nc6 17. Ne4 Be7 18. Bf4 Qa8 19. Nd6 Rc7 20. Rac1 Nb6 21. Bxh6 gxh6 22. Qe3 Nd5 23. Qxh6 Nxe5 24. Nxe5 Rxc1 25.
Qxc1 Qb8 26. Qh6 Qxd6 27. Rd4 Qxe5 28. Rg4+ Bg5 29. Rxg5+ Qxg5 30. Qxg5+ Kh8 31. h4 Kh7 32. Qh5+ Kg7 33. Qg5+ Kh7 34. h5 Rg8 35. Qe5 Rg7 36. Qd6 Kh6 37. Qxa6 Nf4 38. g3 Ne2+ 39. Kf1 Nd4 40.
Qd6 Nf5 41. Qe5 Kxh5 42. Qxb5 Rg5 43. Qd3 Kh6 44. a4 Rg8 45. a5 Rb8 46. b3 Rc8 47.
Kg2 Rc1 48. Qd2+ Kg6 49. Qxc1 Ng7 50. b4 Kf6 51. b5 Ke7 52. b6 Nf5 53. a6 e5 54. a7 Ke6 55. a8=Q Kf6 56. Qac8 Ne3+ 57. Qxe3 Kg7 58. Qg5+ Kh7 59. Qcg8# 1-0

[Event "Late-Titled-Tuesday-Blitz-February-13-2024"]
[Site "Chess.com"]
[Date "2024.02.13"]
[Round "7"]
[White "Hrant_ChessMood"]
[Black "saikrishnaReturns"]
[Result "1-0"]
[WhiteElo "2952"]
[BlackElo "2784"]
[TimeControl "180+1"]
[EndTime "15:18:41 PST"]
[Termination "Hrant_ChessMood won by checkmate"]

1. Nf3 Nf6 2. c4 g6 3. Nc3 Bg7 4. e4 d6 5. d4 O-O 6. Be2 e5 7. O-O Nc6 8. d5 Ne7 9. Kh1 Ne8 10. b4 h6 11. c5 f5 12. Ba3 f4 13. Nd2 h5 14. Nc4 Rf7 15. Rc1 Bf8 16. b5 b6 17. cxd6 cxd6 18. Nb1 Rh7 19. Ncd2 g5 20. Rc6 g4 21. Nc4 Ng6 22. Qb3 f3 23. gxf3 Nf4 24. Nxe5 Nxe2 25. Qe3 Nd4 26. Qxd4 dxe5 27. Qxe5 Bxa3 28.
Nxa3 gxf3 29. Rg1+ Bg4 30. h3 Qh4 31. Qg3 Qe7 32.
Nc2 Qxe4 33. Ne3 Kh8 34. Rc4 Qe7 35. Rgc1 Rd8 36. hxg4 hxg4+ 37. Kg1 Nf6 38. Rc7 Qe4 39. Rxh7+ Qxh7 40. Qe5 Qg7 41. Nf5 Qg5 42. Rc6 Rf8 43.
d6 Kg8 44. Ne7+ Kf7 45. Qxg5 Rh8 46. d7 Nxd7 47. Qg6+ Kxe7 48. Qg7+ Kd8 49. Qxh8+ Ke7 50. Qg7+ Ke8 51. Re6+ Kd8 52. Rd6 Ke8 53. Qxd7+ Kf8 54. Rc6 Kg8 55. Rc8# 1-0